Map: King's Cove LE

Players

NORTHAMERICA - Winner!

  • Race: Protoss Protoss
  • League: Grandmaster
  • Spawn Location: 5:00

llllllllllll

  • Race: Zerg Zerg
  • League: Master
  • Spawn Location: 11:00

VOD

Have the link to the VOD?

Description

Time

  • Played on: March 18, 2019, 12:24 a.m.
  • Length: 17:00
Show
View Real Time Build Order
Export as new Build Order

NORTHAMERICA Protoss - Winner!

Build Orders: Colossus Rush 

Get SALT Encoding   

  12  0:04  Probe  
  13  0:16  Probe  
  14  0:22  Pylon  
  14  0:28  Probe  
  15  0:37  Probe  
  15  0:41  Gateway  
  16  0:45  Probe  
  17  0:51  Assimilator  
  17  0:54  Probe  
  18  1:06  Probe  
  19  1:18  Probe  
  20  1:28  Zealot  
  20  1:30  Probe  
  20  1:31  Pylon, Cybernetics Core  
  23  1:49  Probe  
  24  1:59  Adept  
  23  2:02  Nexus  
  21  2:36  Probe  
  21  2:52  Pylon  
  21  2:55  Adept  
  21  3:02  Probe  
  22  3:06  Assimilator  
  22  3:09  Warp Gate  
  22  3:11  Probe  
  22  3:13  Probe  
  22  3:14  Twilight Council  
  22  3:19  Probe  
  24  3:21  Probe  
  24  3:26  Sentry  
  28  3:28  Probe  
  28  3:31  Probe  
  30  3:40  Probe  
  31  3:43  Probe  
  32  3:48  Robotics Facility  
  32  3:52  Probe  
  32  3:55  Probe  
  34  4:02  Probe  
  34  4:07  Probe  
  36  4:10  Probe  
  36  4:14  Dark Shrine  
  37  4:19  Probe x2  
  39  4:31  Probe x2  
  40  4:33  Charge  
  41  4:39  Pylon  
  41  4:43  Probe x2, Robotics Bay  
  43  4:46  Assimilator  
  43  4:47  Assimilator  
  43  4:49  Gateway  
  43  4:54  Observer  
  43  4:55  Probe x2, Gateway  
  45  5:04  Pylon  
  45  5:06  Adept  
  48  5:07  Probe x2  
  48  5:13  Pylon  
  50  5:20  Probe  
  51  5:22  Colossus  
  51  5:24  Pylon  
  51  5:29  Probe, Forge  
  51  5:35  Adept  
  60  5:54  Zealot x2  
  62  5:59  Colossus  
  62  6:03  Adept  
  56  6:20  Zealot  
  56  6:23  Zealot  
  52  6:26  Zealot  
  54  6:35  Observer  
  54  6:36  Pylon  
  54  6:43  Gateway  
  54  6:44  Pylon  
  54  6:47  Shield Battery  
  54  7:01  Observer  
  54  7:07  Shield Battery  
  54  7:12  Shield Battery  
  54  7:23  Shield Battery  
  54  7:27  Stargate  
  54  7:28  Stargate  
  54  7:38  Pylon x2  
  54  7:51  Observer  
  55  8:10  Pylon  
  54  8:12  Phoenix  
  54  8:13  Phoenix  
  54  8:17  Zealot x2  
  62  8:25  Observer  
  63  8:32  Nexus  
  63  8:43  Phoenix  
  63  8:44  Pylon  
  63  8:45  Pylon  
  65  8:50  Zealot  
  67  9:00  Phoenix  
  67  9:01  Phoenix  
  71  9:13  Stalker  
  71  9:15  Observer  
  73  9:18  Assimilator  
  73  9:45  Assimilator  
  73  9:50  Phoenix  
  75  10:03  Phoenix, Nexus  
  77  10:09  Observer  
  77  10:10  Probe  
  78  10:18  Immortal  
  82  10:22  Probe  
  82  10:25  Pylon  
  83  10:36  Probe  
  83  10:37  Robotics Bay  
  84  10:49  Probe  
  85  10:54  Probe, Shield Battery  
  85  11:01  Probe  
  85  11:02  Probe, Void Ray  
  87  11:07  Void Ray  
  88  11:13  Probe  
  88  11:14  Probe  
  98  11:19  Protoss Air Weapons Level 1  
  98  11:22  Probe  
  99  11:25  Probe  
  99  11:26  Probe  
  101  11:34  Probe  
  101  11:37  Probe  
  101  11:39  Probe  
  104  11:40  Stargate  
  104  11:43  Void Ray  
  104  11:46  Probe  
  105  11:49  Forge  
  105  11:50  Probe  
  105  11:51  Probe  
  109  11:56  Void Ray  
  109  12:00  Zealot  
  109  12:01  Zealot  
  117  12:18  Shield Battery  
  117  12:19  Shield Battery  
  117  12:25  Protoss Ground Weapons Level 1  
  117  12:26  Pylon  
  117  12:28  Pylon  
  117  12:43  Void Ray  
  117  12:44  Probe, Void Ray  
  117  12:50  Zealot x2  
  130  12:53  Pylon  
  130  12:56  Shield Battery  
  130  13:03  Photon Cannon  
  130  13:05  Void Ray  
  94  13:18  Void Ray  
  85  13:27  Void Ray  
  85  13:32  Zealot x2  
  91  13:48  Void Ray  
  85  13:55  Zealot x2  
  93  14:01  Void Ray  
  91  14:09  Void Ray  
  89  14:12  Pylon  
  81  14:31  Void Ray  
  81  14:45  Void Ray  
  83  15:13  Assimilator  
  83  15:14  Assimilator  
  83  15:15  Zealot  
  85  15:31  Nexus  
  85  15:43  Void Ray  
  85  15:59  Void Ray  
Show
View Real Time Build Order
Export as new Build Order

llllllllllll Zerg 

Build Orders: Pool First 

Get SALT Encoding   

  12  0:02  Drone  
  13  0:23  Spawning Pool  
  13  0:26  Drone  
  13  0:30  Drone  
  14  0:40  Overlord  
  14  1:10  Zergling x6  
  14  1:11  Queen  
  19  1:21  Zergling x2  
  20  1:33  Zergling x2  
  21  1:44  Hatchery  
  20  1:55  Queen  
  20  2:00  Extractor, Overlord  
  21  2:02  Drone  
  22  2:23  Drone x2  
  22  2:25  Drone x2  
  25  2:34  Drone x2  
  25  2:42  Drone  
  25  2:44  Queen  
  27  2:51  Drone  
  27  3:00  Queen  
  29  3:06  Drone x2  
  31  3:14  Metabolic Boost  
  31  3:19  Zergling x2  
  32  3:20  Zergling x2  
  33  3:28  Drone  
  33  3:29  Drone x2  
  36  3:35  Extractor  
  36  3:36  Extractor, Zergling x2  
  36  3:37  Zergling x2  
  38  3:41  Overlord  
  38  3:48  Overlord  
  38  3:58  Lair  
  38  3:59  Overlord  
  38  4:07  Zergling x4  
  40  4:11  Drone x3  
  40  4:16  Overlord  
  43  4:27  Zergling x2  
  43  4:28  Zergling x8  
  48  4:48  Queen  
  48  4:51  Overlord  
  50  4:55  Spore Crawler  
  50  4:57  Nydus Network, Spore Crawler  
  50  4:59  Queen  
  49  5:17  Zergling x18  
  58  5:35  Nydus Canal  
  57  5:42  Zergling x2  
  58  5:43  Zergling x16  
  66  5:58  Zergling x4  
  65  6:04  Zergling x6  
  65  6:06  Zergling x2  
  65  6:07  Zergling x4  
  65  6:11  Zergling x2  
  64  6:17  Zergling x2  
  59  6:20  Zergling x2  
  59  6:21  Zergling x2, Roach Warren  
  56  6:29  Drone x3  
  55  6:41  Zergling x2  
  55  6:43  Zergling x4  
  55  6:44  Zergling x2  
  59  6:50  Zergling x2  
  59  6:51  Zergling x2  
  59  6:53  Drone x2  
  63  7:02  Overseer, Glial Reconstitution  
  63  7:04  Roach x3  
  63  7:07  Extractor  
  68  7:18  Roach x2  
  72  7:27  Roach  
  72  7:28  Roach  
  75  7:35  Overlord  
  75  7:49  Overlord x2  
  75  7:50  Overlord  
  75  7:58  Roach x2  
  79  8:00  Extractor  
  78  8:11  Roach x2  
  82  8:13  Hatchery  
  82  8:15  Roach  
  83  8:21  Extractor  
  83  8:22  Drone  
  83  8:23  Spire  
  82  8:29  Nydus Canal  
  82  8:31  Drone x2  
  84  8:36  Drone  
  84  8:40  Roach  
  87  8:44  Drone x2  
  89  8:54  Roach x2  
  87  8:59  Roach  
  84  9:05  Drone x2  
  84  9:06  Drone  
  87  9:27  Drone  
  88  9:45  Drone  
  88  9:46  Evolution Chamber  
  88  9:47  Corruptor x3  
  88  9:48  Corruptor  
  96  9:56  Roach x2  
  100  10:10  Overlord x3  
  100  10:15  Zerg Missile Weapons Level 1  
  100  10:24  Corruptor  
  102  10:29  Drone x3  
  105  10:41  Corruptor  
  107  10:50  Drone x6  
  113  10:59  Roach x3  
  119  11:20  Corruptor  
  119  11:23  Overlord x4  
  121  11:26  Spore Crawler  
  121  11:31  Ravager x2  
  122  11:50  Corruptor x3  
  122  11:52  Roach  
  122  11:53  Roach x3  
  136  12:00  Ravager x5  
  136  12:01  Ravager  
  142  12:07  Roach x3  
  142  12:08  Roach  
  149  12:25  Roach  
  149  12:26  Roach  
  153  12:42  Overlord  
  153  12:43  Overlord x3  
  153  12:51  Overlord  
  153  12:53  Zerg Missile Weapons Level 2  
  133  13:10  Roach x6  
  133  13:11  Roach x8  
  148  13:19  Corruptor  
  136  13:38  Roach  
  136  13:39  Roach x8  
  151  13:46  Roach  
  133  13:59  Roach  
  129  14:03  Roach x7  
  112  14:29  Spore Crawler  
  112  14:31  Spore Crawler  
  83  14:42  Corruptor x5  
  77  14:47  Spore Crawler  
  70  14:57  Corruptor x2  
  72  15:02  Corruptor  
  72  15:06  Corruptor  
  72  15:17  Queen  
  72  15:18  Queen  
  76  15:25  Spore Crawler  
  77  15:32  Hydralisk Den  
  76  15:38  Corruptor  
  76  15:56  Corruptor x3  
  73  16:10  Corruptor x2  
  56  16:26  Corruptor  
Tags
 
Add a new tag
Caveats
  • Supply blocks, unpowered buildings, or Contaminate may cause inaccurate times.
  • Supply counts are checked every 10 seconds.